AoeStats
← __87_KeepeR_Arg

MegaRandom

507204917Analyzed
3v3 RM · 16d ago on Sep 17, 2026· 19m 25s· 6 players
Game mode
Random Map
Map size
Normal (6 player)
Population
200
Speed
Normal
Resources
Standard
Victory
Conquest
Starting age
Dark Age
Ending age
Imperial Age
RankedLock teamsTeams togetherTeam positionsShared explorationLock speedFull tech treeHidden civsTurbo modeCheats
Victory
Defeat
🇦🇷 Britons · Argentina
1565
+11
🇦🇷 Persians · Argentina
1512
+13
🇦🇷 Mongols · Argentina
1510
+13
🇨🇱 Maya · Chile
1458
-13
🇨🇱 Britons · Chile
1453
-12
🇨🇱 Persians · Chile
1449
-12
SIM | El Pencil ☭
0:43 Loom
10:59 Feudal Age
12:50 Double-Bit Axe
16:27 Fletching
SIM | PilSeN___
6:26 Loom
9:04 Feudal Age
SIM | Yoyi
7:30 Loom
9:53 Feudal Age
11:17 Double-Bit Axe
14:02 Fletching
19:07 Padded Archer Armor
19:30 Town Watch
__87_KeepeR_Arg
7:05 Loom
7:10 Loom
9:51 Feudal Age
15:47 Fletching
17:15 Padded Archer Armor
__90_Squall_Arg
6:37 Loom
9:17 Feudal Age
9:54 Double-Bit Axe
12:27 Fletching
15:00 Town Watch
19:05 Wheelbarrow
18:53 Padded Archer Armor
_29_3ffect_Arg
6:37 Loom
9:29 Feudal Age
10:09 Double-Bit Axe
10:40 Horse Collar
16:24 Forging
18:02 Scale Barding Armor
21:55 Castle Age
Connection lost

Rejoining the realm…

Still unreachable

The connection could not be restored.

Session expired

The server has moved on; the page needs a fresh start.